 Dungeon Sprint DCSS version 0.29-a0-857-g9b1aa3ac5b (webtiles) character file.

Game seed: 5369765563806161555

80164 manyhoops the Heavyweight Champion (level 15, -4/280 HPs)
             Began as a Troll Berserker on July 17, 2022.
             Was an Elder of Trog.
             Engulfed by a cloud of foul pestilence (5 damage)
             ... in the Dungeon (Sprint II: "The Violet Keep of Menkaure").
             The game lasted 00:23:18 (2448 turns).

manyhoops the Heavyweight Champion (TrBe)           Turns: 2448, Time: 00:23:19

Health: -4/280     AC: 16    Str: 37    XL:     15   Next: 23%
Magic:  14/14      EV: 19    Int:  6    God:    Trog [****..]
Gold:   6621       SH:  0    Dex: 15    Spells: 14/14 levels left

rFire   . . .      SeeInvis .     - Unarmed
rCold   . . .      Faith    .   (no shield)
rNeg    + . .      Spirit   .   k - +3 troll leather armour
rPois   +          Reflect  .   c - +1 hat {Stlth+}
rElec   +          Harm     .   h - +2 cloak "Alypnim" {rPois}
rCorr   .          Rampage  .   (gloves unavailable)
Will    +++..      NoTele   +   (boots unavailable)
Stlth   ..........              j - amulet of regeneration
HPRegen 2.96/turn               K - ring "Nassapp" {rElec Will++ Str-2 Int+3 Dex+6}
MPRegen 0.14/turn               F - ring "Raats" {rN+ EV+4 Str+4}

@: confused, berserking (expiring), lethally poisoned (-4 -> -34), slowed,
studying Maces & Flails
A: large, unfitting armour, claws 3, regeneration 1, shaggy fur 1, tough skin 1,
hooves 1, poison resistance, electricity resistance
a: Renounce Religion, Berserk, Trog's Hand, Brothers in Arms


You were in the Dungeon.
You worshipped Trog.
Trog was greatly pleased with you.
You visited 1 branch You collected 10611 gold pieces.
You spent 3990 gold pieces at shops.

Inventory:

Armour
 a - a +0 animal skin
 c - a +1 hat of stealth (worn)
 h - the +2 cloak "Alypnim" (worn) {rPois}
   (You bought it in a shop in the Dungeon)

   rPois:     It protects you from poison.
 i - a +2 robe of willpower
 k - a +3 troll leather armour (worn)
 p - +0 ice dragon scales
 A - a +0 cloak
 B - +0 fire dragon scales
 L - a +0 scale mail
Jewellery
 j - an amulet of regeneration (around neck)
 q - the ring "Qudi" {Drain rPois rF++ Dex+6}
   (You found it in the Dungeon)

   [ring of dexterity]

   Dex:       It affects your dexterity (+6).
   rF:        It greatly protects you from fire.
   rPois:     It protects you from poison.
   Drain:     It drains your maximum health when unequipped.
 r - a ring of protection from cold
 E - a +6 ring of intelligence
 F - the ring "Raats" (right claw) {rN+ EV+4 Str+4}
   (You acquired it in the Dungeon)

   [ring of evasion]

   EV:        It affects your evasion (+4).
   Str:       It affects your strength (+4).
   rN:        It protects you from negative energy.
 H - a ring of protection from fire
 I - a ring of flight
 K - the ring "Nassapp" (left claw) {rElec Will++ Str-2 Int+3 Dex+6}
   (You acquired it in the Dungeon)

   [ring of dexterity]

   Str:       It affects your strength (-2).
   Int:       It affects your intelligence (+3).
   Dex:       It affects your dexterity (+6).
   rElec:     It insulates you from electricity.
   Will:      It greatly increases your willpower.
 O - a ring of fire
 R - the ring "Hemeer" {Fly Int+3 Slay+2}
   (You found it in the Dungeon)

   [ring of flight]

   Int:       It affects your intelligence (+3).
   Slay:      It affects your accuracy & damage with ranged weapons and melee
   (+2).
   Fly:       It grants you flight.
Scrolls
 g - 3 scrolls of blinking
 n - a scroll of fear
 s - a scroll of summoning
 t - a scroll of poison
 v - a scroll of vulnerability
 x - a scroll of fog
 y - 3 scrolls of magic mapping
 z - 2 scrolls of enchant weapon
 D - 2 scrolls of amnesia
 G - a scroll of torment
 M - a scroll of brand weapon
Potions
 b - 5 potions of curing
 d - 10 potions of haste
 e - 14 potions of magic
 f - 2 potions of berserk rage
 l - 2 potions of attraction
 m - 2 potions of resistance
 o - 4 potions of flight
 u - 2 potions of might
 w - a potion of ambrosia
 C - 26 potions of mutation
 N - a potion of cancellation {unknown}
 Q - a potion of degeneration {unknown}


   Skills:
 * Level 21.5 Fighting
 + Level 14.2 Armour
 + Level 11.0 Dodging
 O Level 27 Unarmed Combat


You had 14 spell levels left.
You didn't know any spells.
Your spell library was empty.

Dungeon Overview and Level Annotations

Branches:
Dungeon (1/1)

Altars:
Cheibriados
Dithmenos
Elyvilon
Fedhas
Gozag
Hepliaklqana
Kikubaaqudgha
Makhleb
Nemelex Xobeh
Okawaru
Qazlal
Ru
Sif Muna
Trog
Uskayaw
Vehumet
Wu Jian
Xom
Yredelemnul
Zin
The Shining One
Jiyva
Lugonu

Shops:
D :*!(:[=[*??[?:*?===([=:(([[!:*?::***


Innate Abilities, Weirdness & Mutations

You are too large for most types of armour.
You have claws for hands.
Your natural rate of healing is unusually fast.
You are covered in fur. (AC +1)
You have tough skin. (AC +1)
You have large cloven feet.
Your system is resistant to poisons. (rPois)
You are resistant to electric shocks. (rElec)


Message History

The curse toe gestures.
The deathcap draws from the surrounding life force!
* * * LOW HITPOINT WARNING * * *
The deathcap is healed.
The deathcap draws from the surrounding life force!
* * * LOW HITPOINT WARNING * * *
The death scarab bites you!
* * * LOW HITPOINT WARNING * * *
The death scarab draws strength from your injuries!
You eviscerate the royal mummy!!!
The royal mummy is moderately damaged.
You are engulfed in dark miasma.
You are more poisoned.
* * * LOW HITPOINT WARNING * * *
You feel very sick. The death scarab misses you.
The royal mummy gestures wildly while chanting.
The deathcap releases spores at you but does no damage.
Unknown command.
You claw the death scarab! Your kick misses the death scarab.
The death scarab is moderately damaged.
You are engulfed in dark miasma.
* * * LOW HITPOINT WARNING * * *
x2 You feel very sick.
The wandering mushroom disappears in a puff of smoke!
The death scarab barely misses you.
The wandering mushroom closely misses you.
The wandering mushroom is engulfed in dark miasma.
The wandering mushroom seems to slow down.
The wandering mushroom releases spores at you!
* * * LOW HITPOINT WARNING * * *
You are engulfed in a cloud of spores!
You are more confused.
Unknown command.
Unknown command.
You scratch the wandering mushroom. You claw the wandering mushroom!
The wandering mushroom is moderately damaged.
You are engulfed in dark miasma.
You are more poisoned.
You die...

###### #### #:)})#
▓▓▓▓▓▓▓▓▓▓▓▓▓▓▓▓▓▓▓▓▓
†..###.).[##▓.....+...'..♣♣.....♣
####......[.▓...ss▓...▓^♣♣..♣...♣
####........▓sfffs▓.▓▓▓.♣♣..♣♣..♣
○≈≈##⌠....#'▓▓▓Mzf▓...▓.♣♣..♣♣..♣
○°≈°##(...#..▓▓▓@▓▓▓▓.▓.♣...♣♣...
○°≈≈○##''##...B.ff▓0..▓.^...▓▓▓▓▓
○○○°##≈..)###.#f○f▓▓▓▓▓▓▓▓▓▓▓▓▓▓▓
○○§##)≈.....#.#...▓≈§§≈≈§§§▓▓▓.^.
+++#####....#.##|○▓▓▓▓▓▓▓▓▓▓▓▓'▓▓
)...#..'....#..#)[▓.(.(.[..▓▓.$.▓
##..#..####.#..#==▓..[)(.[.▓▓$⌠.▓
)##.####..'.##.#:=▓.)()....▓▓...▓
..#....#.)#...####▓...[....▓▓...▓


You could see a royal mummy, 4 emperor scorpions, a curse toe, 4 deathcaps, 4
wandering mushrooms and a death scarab (summoned).

Vanquished Creatures
  Gloorx Vloq (D)
  A golden dragon (D)
  Nikola (D)
  A hellephant (D)
  An electric golem (D)
  A deep elf master archer (D)
  A deep elf blademaster (D)
  3 quicksilver dragons (D)
  A kraken (D)
  Murray (D)
  Gastronok (D)
  2 sphinxes (D)
  Roxanne (D)
  A storm dragon (D)
  Kirke (D)
  A draconian shifter (D)
  A vampire knight (D)
  3 lorocyprocas (D)
  Nessos (D)
  A dire elephant (D)
  A crystal guardian (D)
  A fire dragon (D)
  A yaktaur captain (D)
  An iron golem (D)
  A great orb of eyes (D)
  An ice dragon (D)
  A centaur warrior (D)
  An iron elemental (D)
  2 hell hogs (D)
  Sonja (D)
  3 sixfirhies (D)
  A skeletal warrior (D)
  A slime creature (D)
  A glowing orange brain (D)
  2 deep trolls (D)
  2 death drakes (D)
  An obsidian statue (D)
  A harpy (D)
  3 orc sorcerers (D)
  An oklob plant (D)
  3 toenail golems (D)
  8 shining eyes (D)
  An elephant (D)
  3 manticores (D)
  An ice statue (D)
  An eye of devastation (D)
  A merfolk siren (D)
  A cane toad (D)
  An unseen horror (D)
  A kobold demonologist (D)
  A yaktaur (D)
  5 polar bears (D)
  A hornet (D)
  A blink frog (D)
  6 flying skulls (D)
  2 wyverns (D)
  3 yaks (D)
  2 redbacks (D)
  5 water moccasins (D)
  2 floating eyes (D)
  2 swamp drakes (D)
  2 black bears (D)
  5 necrophages (D)
  2 earth elementals (D)
  4 scorpions (D)
  9 electric eels (D)
  4 lava snakes (D)
  A jelly (D)
  4 orc priests (D)
  An iron imp (D)
  3 worms (D)
  A ballistomycete spore (D)
  4 tentacles (D)
143 creatures vanquished.

Vanquished Creatures (collateral kills)
  the Lernaean hydra (D)
  A death yak (D)
  7 shining eyes (D)
  A cane toad (D)
  2 water moccasins (D)
  8 floating eyes (D)
  A black bear (D)
21 creatures vanquished.

Vanquished Creatures (others)
  An unseen horror (D)
  A golden eye (D)
  Menkaure (D)
  A water moccasin (D)
  A ballistomycete spore (D)
  16 tentacles (D)
21 creatures vanquished.

Grand Total: 185 creatures vanquished

Notes
Turn   | Place    | Note
-------+----------+-------------------------------------------
     0 | D        | manyhoops the Troll Berserker began the quest for the Orb.
     0 | D        | Reached XP level 1. HP: 22/22 MP: 0/0
     1 | D        | Noticed a scorpion
     1 | D        | Noticed a scorpion
     1 | D        | Noticed a scorpion
     1 | D        | Noticed a scorpion
     8 | D        | Killed a scorpion
     9 | D        | Reached skill level 5 in Fighting
     9 | D        | Reached skill level 6 in Unarmed Combat
     9 | D        | Reached XP level 2. HP: 35/35 MP: 1/1
     9 | D        | Reached XP level 3. HP: 42/42 MP: 2/2
     9 | D        | Killed a scorpion
    10 | D        | Reached skill level 7 in Unarmed Combat
    10 | D        | Reached XP level 4. HP: 52/52 MP: 3/3
    11 | D        | Killed a scorpion
    11 | D        | Reached ** piety under Trog
    12 | D        | Reached skill level 8 in Unarmed Combat
    12 | D        | Reached XP level 5. HP: 61/61 MP: 4/4
    15 | D        | Reached skill level 9 in Unarmed Combat
    29 | D        | Killed a water moccasin
    45 | D        | Reached *** piety under Trog
    67 | D        | Noticed a merfolk siren
    73 | D        | Killed a merfolk siren
    74 | D        | Reached skill level 11 in Unarmed Combat
    74 | D        | Reached XP level 6. HP: 75/75 MP: 5/5
    74 | D        | Reached XP level 7. HP: 83/83 MP: 6/6
    87 | D        | Reached skill level 12 in Unarmed Combat
    88 | D        | Reached **** piety under Trog
    99 | D        | Found Yvaypp's Distillery.
    99 | D        | Found Gioff's Book Shoppe.
    99 | D        | Found Ciuno's Antique Armour Emporium.
    99 | D        | Found Eheijow's Antique Armour Emporium.
    99 | D        | Found Bebox's Antique Weapon Shoppe.
   100 | D        | Found Goteuhei's Jewellery Shoppe.
   100 | D        | Found Soycwog's Jewellery Emporium.
   101 | D        | Found Vyfreuq's Book Shoppe.
   101 | D        | Found Renoufik's Magic Scroll Emporium.
   102 | D        | Found Fuat's Assorted Antiques.
   102 | D        | Noticed a hell hog
   102 | D        | Noticed a hell hog
   103 | D        | Found Bifemuqi's General Store.
   103 | D        | Found Mufusm's Armour Emporium.
   103 | D        | Noticed an oklob plant
   103 | D        | Noticed a fire dragon
   104 | D        | Found Fofau's Antique Weapon Shoppe.
   104 | D        | Found Xoecak's Distillery.
   104 | D        | Found Opoqag's Book Shoppe.
   107 | D        | Bought a bloodstained cloak for 180 gold pieces
   107 | D        | Identified the +2 cloak "Alypnim" {rPois} (You bought it in
                  | a shop in the Dungeon)
   116 | D        | Reached skill level 13 in Unarmed Combat
   118 | D        | Bought a glowing robe for 88 gold pieces
   136 | D        | Bought an amulet of regeneration for 360 gold pieces
   136 | D        | Noticed a great orb of eyes
   137 | D        | Bought a scroll of blinking for 97 gold pieces
   158 | D        | Noticed a blink frog
   161 | D        | Killed a blink frog
   161 | D        | Reached ***** piety under Trog
   162 | D        | Reached skill level 10 in Fighting
   162 | D        | Reached XP level 8. HP: 86/93 MP: 7/7
   170 | D        | Noticed Roxanne
   180 | D        | Found a hazy altar of Hepliaklqana.
   180 | D        | Found a snail-covered altar of Cheibriados.
   181 | D        | Found a stormy altar of Qazlal.
   181 | D        | Found a viscous altar of Jiyva.
   181 | D        | Found a shadowy altar of Dithmenos.
   182 | D        | Found a sacrificial altar of Ru.
   182 | D        | Found an ancient bone altar of Kikubaaqudgha.
   182 | D        | Found a white marble altar of Elyvilon.
   183 | D        | Found an ornate altar of the Wu Jian Council.
   183 | D        | Found a shimmering blue altar of Sif Muna.
   183 | D        | Found a corrupted altar of Lugonu.
   183 | D        | Found a blossoming altar of Fedhas.
   184 | D        | Found a shimmering altar of Xom.
   184 | D        | Found a bloodstained altar of Trog.
   184 | D        | Found a burning altar of Makhleb.
   185 | D        | Found a glowing golden altar of the Shining One.
   185 | D        | Found a basalt altar of Yredelemnul.
   185 | D        | Found a hide-covered altar of Uskayaw.
   186 | D        | Found a glowing silver altar of Zin.
   186 | D        | Found a radiant altar of Vehumet.
   194 | D        | Noticed a kraken
   202 | D        | Reached skill level 14 in Unarmed Combat
   213 | D        | Found a sparkling altar of Nemelex Xobeh.
   214 | D        | Found an iron altar of Okawaru.
   214 | D        | Found an opulent altar of Gozag.
   216 | D        | Noticed a flying skull
   218 | D        | Noticed a flying skull
   223 | D        | Noticed a deep troll
   223 | D        | Noticed a deep troll
   226 | D        | Killed a deep troll
   227 | D        | Reached skill level 15 in Unarmed Combat
   230 | D        | Killed a deep troll
   231 | D        | Reached skill level 16 in Unarmed Combat
   231 | D        | Reached XP level 9. HP: 100/105 MP: 8/8
   247 | D        | Killed Menkaure
   272 | D        | Noticed a sphinx
   275 | D        | Noticed a sphinx
   276 | D        | Killed a sphinx
   277 | D        | Reached skill level 17 in Unarmed Combat
   279 | D        | Killed a sphinx
   280 | D        | Reached skill level 18 in Unarmed Combat
   280 | D        | Reached XP level 10. HP: 118/118 MP: 9/9
   441 | D        | Killed a kraken
   442 | D        | Reached skill level 19 in Unarmed Combat
   500 | D        | Received a gift from Trog
   501 | D        | Reached skill level 20 in Unarmed Combat
   517 | D        | Noticed a death drake
   535 | D        | Killed a death drake
   541 | D        | Reached skill level 21 in Unarmed Combat
   588 | D        | Noticed a death drake
   597 | D        | Killed a death drake
   598 | D        | Reached XP level 11. HP: 110/127 MP: 10/10
   604 | D        | Noticed a crystal guardian
   615 | D        | Killed a crystal guardian
   615 | D        | Reached ****** piety under Trog
   632 | D        | Received a gift from Trog
   636 | D        | Reached skill level 22 in Unarmed Combat
   659 | D        | Noticed a deep elf master archer
   662 | D        | Noticed an iron elemental
   670 | D        | Killed an iron elemental
   720 | D        | Killed a deep elf master archer
   721 | D        | Reached skill level 23 in Unarmed Combat
   756 | D        | Noticed an ice dragon
   756 | D        | Noticed a death yak
   760 | D        | Killed a death yak
   760 | D        | Received a gift from Trog
   772 | D        | Reached skill level 24 in Unarmed Combat
   777 | D        | Killed an ice dragon
   777 | D        | Received a gift from Trog
   843 | D        | Identified the +1 chain mail of Yredelemnul's Anger {Str+2}
   896 | D        | Killed Roxanne
   897 | D        | Reached XP level 12. HP: 110/140 MP: 11/11
   909 | D        | Found Pasably's Magic Scroll Boutique.
   969 | D        | Noticed Nikola
   971 | D        | Noticed the 27-headed Lernaean hydra
   981 | D        | Killed a great orb of eyes
   981 | D        | Received a gift from Trog
   982 | D        | Reached skill level 25 in Unarmed Combat
   992 | D        | Killed a hell hog
   994 | D        | Killed a hell hog
   997 | D        | Killed a fire dragon
  1050 | D        | Killed Nikola
  1051 | D        | Reached skill level 26 in Unarmed Combat
  1060 | D        | Reached skill level 15 in Fighting
  1071 | D        | Killed the 26-headed Lernaean hydra
  1072 | D        | Reached skill level 27 in Unarmed Combat
  1091 | D        | Found Tonlukh's Magic Scroll Shoppe.
  1096 | D        | Bought a scroll of identify for 26 gold pieces
  1096 | D        | Bought a scroll of identify for 26 gold pieces
  1096 | D        | Bought 2 scrolls of identify for 52 gold pieces
  1096 | D        | Bought a scroll of identify for 26 gold pieces
  1096 | D        | Bought a scroll of identify for 26 gold pieces
  1096 | D        | Bought a scroll of acquirement for 676 gold pieces
  1102 | D        | Acquired the ring "Raats" {rN+ EV+4 Str+4}
  1123 | D        | Found Tuid Xugg's Book Shoppe.
  1141 | D        | Identified the +4 leather armour "Daibaewu" {rF+ rCorr}
  1149 | D        | Acquired 258 gold pieces
  1168 | D        | Reached XP level 13. HP: 133/152 MP: 12/12
  1284 | D        | Noticed Kirke
  1321 | D        | Received a gift from Trog
  1339 | D        | Killed Kirke
  1376 | D        | Received a gift from Trog
  1382 | D        | Gained mutation: You are frail. (-10% HP) [a shining eye]
  1435 | D        | Found Jemo Daqa's Book Emporium.
  1435 | D        | Found Xeihutoc's Assorted Antiques.
  1436 | D        | Found Juur Riu's Armour Shop.
  1436 | D        | Found Estriwu Fook's Magic Scroll Shoppe.
  1436 | D        | Found Wimemnet's Magic Scroll Boutique.
  1436 | D        | Found Suonob's Armour Emporium.
  1436 | D        | Found Tureutolorr's Book Shop.
  1436 | D        | Found Orarghuce's Jewellery Shoppe.
  1436 | D        | Found Fyikuuxi's Armour Boutique.
  1436 | D        | Found Quguegar's Jewellery Emporium.
  1436 | D        | Found Uclumeg's Jewellery Shop.
  1436 | D        | Found Cudig's Weapon Shoppe.
  1439 | D        | Bought 2 scrolls of identify for 100 gold pieces
  1439 | D        | Bought a scroll of identify for 50 gold pieces
  1439 | D        | Bought a scroll labelled JENTAO NOIJEYN for 25 gold pieces
  1439 | D        | Bought a scroll labelled JEIPUMOUMI for 25 gold pieces
  1439 | D        | Bought a fizzy brown potion for 22 gold pieces
  1447 | D        | Bought a scroll of blinking for 90 gold pieces
  1447 | D        | Bought a scroll of enchant armour for 90 gold pieces
  1449 | D        | Bought a ring of protection from fire for 300 gold pieces
  1454 | D        | Bought a ring of flight for 192 gold pieces
  1478 | D        | Reached XP level 14. HP: 148/153 MP: 13/13
  1484 | D        | Noticed a golden dragon
  1488 | D        | Killed a golden dragon
  1495 | D        | Acquired 462 gold pieces
  1496 | D        | Acquired the ring "Nassapp" {rElec Will++ Str-2 Int+3
                  | Dex+6}
  1498 | D        | Acquired 1112 gold pieces
  1500 | D        | Found Nuarchus's Assorted Antiques.
  1500 | D        | Found Bocyuk's Assorted Antiques.
  1500 | D        | Found Yminef's Assorted Antiques.
  1500 | D        | Found Qutimom's Book Emporium.
  1500 | D        | Noticed a storm dragon
  1505 | D        | Killed a storm dragon
  1505 | D        | Received a gift from Trog
  1507 | D        | Bought a potion of haste for 210 gold pieces
  1507 | D        | Bought a potion of heal wounds for 105 gold pieces
  1508 | D        | Bought a potion of heal wounds for 155 gold pieces
  1508 | D        | Bought a scroll of identify for 62 gold pieces
  1508 | D        | Bought a scale mail for 124 gold pieces
  1508 | D        | Bought a scroll labelled SECIQU XOSA for 31 gold pieces
  1508 | D        | Bought a viscous white potion for 27 gold pieces
  1511 | D        | Bought a potion of heal wounds for 120 gold pieces
  1511 | D        | Bought a potion of heal wounds for 120 gold pieces
  1511 | D        | Bought 2 potions of heal wounds for 240 gold pieces
  1511 | D        | Bought a potion of haste for 240 gold pieces
  1620 | D        | Found Hibun's Antique Weapon Emporium.
  1621 | D        | Found Heaf's General Store.
  1627 | D        | Noticed Nessos
  1635 | D        | Killed Nessos
  1639 | D        | Bought a scroll of enchant armour for 105 gold pieces
  1683 | D        | Identified the +8 dagger of Upheaval {vorpal, rElec rC+
                  | Will+ rCorr Str+3} (Trog gifted it to you in the Dungeon)
  1683 | D        | Received a gift from Trog
  1691 | D        | Noticed Gastronok
  1696 | D        | Killed Gastronok
  1697 | D        | Reached skill level 5 in Armour
  1713 | D        | Received a gift from Trog
  1719 | D        | Reached skill level 5 in Dodging
  1731 | D        | Identified the ring "Qudi" {Drain rPois rF++ Dex+6}
  1757 | D        | Acquired 918 gold pieces
  1758 | D        | Acquired 1153 gold pieces
  1759 | D        | Acquired 690 gold pieces
  1760 | D        | Acquired 655 gold pieces
  1812 | D        | Noticed a deep elf blademaster
  1820 | D        | Killed a deep elf blademaster
  1823 | D        | Received a gift from Trog
  1882 | D        | Gained mutation: You are very frail. (-20% HP) [a shining
                  | eye]
  1882 | D        | Gained mutation: Your spells are a little easier to cast,
                  | but a little less powerful. [a shining eye]
  1882 | D        | Gained mutation: You occasionally lose the ability to drink
                  | potions when taking damage. [a shining eye]
  1884 | D        | Paralysed by a floating eye for 4 turns
  1886 | D        | Gained mutation: Your body sometimes deteriorates upon
                  | taking damage. [a shining eye]
  1893 | D        | Reached skill level 10 in Armour
  1894 | D        | Paralysed by a floating eye for 4 turns
  1896 | D        | Gained mutation: You are extremely frail. (-30% HP) [a
                  | shining eye]
  1897 | D        | Received a gift from Trog
  1926 | D        | Found the +0 staff of Battle
  1932 | D        | Identified the ring "Hemeer" {Fly Int+3 Slay+2}
  1946 | D        | Lost mutation: Your body sometimes deteriorates upon taking
                  | damage. [potion of mutation]
  1946 | D        | Lost mutation: You occasionally lose the ability to drink
                  | potions when taking damage. [potion of mutation]
  1946 | D        | Gained mutation: Your muscles are strong. (Str +4, Int/Dex
                  | -1) [potion of mutation]
  1946 | D        | Gained mutation: You have a pair of small horns on your
                  | head. [potion of mutation]
  1947 | D        | Lost mutation: You have a pair of small horns on your head.
                  | [potion of mutation]
  1947 | D        | Lost mutation: You are extremely frail. (-30% HP) [potion
                  | of mutation]
  1947 | D        | Lost mutation: You are very frail. (-20% HP) [potion of
                  | mutation]
  1947 | D        | Gained mutation: Your system is resistant to poisons.
                  | (rPois) [potion of mutation]
  1948 | D        | Lost mutation: Your system is resistant to poisons. (rPois)
                  | [potion of mutation]
  1948 | D        | Lost mutation: Your spells are a little easier to cast, but
                  | a little less powerful. [potion of mutation]
  1948 | D        | Lost mutation: You are frail. (-10% HP) [potion of
                  | mutation]
  1948 | D        | Gained mutation: You occasionally lose the ability to drink
                  | potions when taking damage. [potion of mutation]
  1948 | D        | Gained mutation: You possess an exceptional clarity of
                  | mind. [potion of mutation]
  1949 | D        | Lost mutation: You possess an exceptional clarity of mind.
                  | [potion of mutation]
  1949 | D        | Lost mutation: Your muscles are strong. (Str +4, Int/Dex
                  | -1) [potion of mutation]
  1949 | D        | Gained mutation: You are covered in thick fur. (AC +2)
                  | [potion of mutation]
  1949 | D        | Gained mutation: Your muscles are strong. (Str +4, Int/Dex
                  | -1) [potion of mutation]
  1949 | D        | Gained mutation: You expend magic power (3 MP) to
                  | strengthen your wands. [potion of mutation]
  1950 | D        | Lost mutation: You expend magic power (3 MP) to strengthen
                  | your wands. [potion of mutation]
  1950 | D        | Lost mutation: You occasionally lose the ability to drink
                  | potions when taking damage. [potion of mutation]
  1950 | D        | Lost mutation: Your muscles are strong. (Str +4, Int/Dex
                  | -1) [potion of mutation]
  1950 | D        | Gained mutation: Your flesh is cold resistant. (rC+)
                  | [potion of mutation]
  1950 | D        | Gained mutation: Your mind is acute. (Int +4, Str/Dex -1)
                  | [potion of mutation]
  1951 | D        | Lost mutation: Your mind is acute. (Int +4, Str/Dex -1)
                  | [potion of mutation]
  1951 | D        | Lost mutation: You are covered in thick fur. (AC +2)
                  | [potion of mutation]
  1951 | D        | Gained mutation: You are weak. (Str -2) [potion of
                  | mutation]
  1952 | D        | Lost mutation: You are weak. (Str -2) [potion of mutation]
  1952 | D        | Lost mutation: Your flesh is cold resistant. (rC+) [potion
                  | of mutation]
  1952 | D        | Gained mutation: You are resistant to electric shocks.
                  | (rElec) [potion of mutation]
  1952 | D        | Gained mutation: Your system is resistant to poisons.
                  | (rPois) [potion of mutation]
  1952 | D        | Gained mutation: You have large cloven feet. [potion of
                  | mutation]
  1966 | D        | Noticed a quicksilver dragon
  1977 | D        | Noticed a quicksilver dragon
  1983 | D        | Killed a quicksilver dragon
  1984 | D        | Killed a quicksilver dragon
  1984 | D        | Received a gift from Trog
  2028 | D        | Noticed a quicksilver dragon
  2036 | D        | Killed a quicksilver dragon
  2150 | D        | Noticed Murray
  2157 | D        | Killed Murray
  2234 | D        | Noticed a hellephant
  2234 | D        | Noticed Sonja
  2235 | D        | Noticed a purple draconian shifter
  2244 | D        | Killed a hellephant
  2255 | D        | Killed Sonja
  2255 | D        | Received a gift from Trog
  2258 | D        | Killed a purple draconian shifter
  2259 | D        | Reached XP level 15. HP: 119/185 MP: 14/14
  2302 | D        | Noticed an electric golem
  2309 | D        | Killed an electric golem
  2326 | D        | Reached skill level 10 in Dodging
  2353 | D        | Noticed Gloorx Vloq
  2353 | D        | Noticed a royal mummy
  2365 | D        | Noticed an Executioner
  2365 | D        | Noticed an Executioner
  2365 | D        | Noticed an Executioner
  2383 | D        | Killed Gloorx Vloq
  2432 | D        | Noticed a curse toe
  2447 | D        | Noticed an emperor scorpion
  2447 | D        | Noticed an emperor scorpion
  2447 | D        | Noticed an emperor scorpion
  2447 | D        | Noticed an emperor scorpion
  2447 | D        | HP: 14/280 [something (1)]
  2447 | D        | HP: 1/280 [wandering mushroom[a curse toe] (11)]
  2448 | D        | Engulfed by a cloud of foul pestilence

Illustrated notes

Levels and vault maps discovered:
D:        the_violet_keep_of_menkaure [sprint2_stairs_cluster_1,
          sprint2_shoproom, sprint2_temple, sprint2_basic_supplies,
          sprint2_obstacle_6, sprint2_obstacle_7, sprint2_obstacle_3,
          sprint2_obstacle_5, sprint2_obstacle_2, sprint2_timed_cluster_1,
          sprint2_smallroom_cluster_1, sprint2_smallroom_final_cluster_1,
          sprint2_transparent_cluster_1, sprint2_second_timed_cluster_1,
          sprint2_sniper_area_1, sprint2_heavy_combat_area_1,
          sprint2_mutation_trap_area_1, sprint2_forest_area_1,
          sprint2_light_combat_area_1, sprint2_behind_water_1,
          sprint2_near_end_vault_1]

Skill      XL: |  1  2  3  4  5  6  7  8  9 10 11 12 13 14 15 |
---------------+----------------------------------------------+-----
Fighting       | 5 6 9 10 11 12 13 14 15 18 20 21 | 21.5
Unarmed Combat | 6 7 8 11 13 16 18 21 24 27 | 27.0
Armour         | 13 14 | 14.2
Dodging        | 9 11 | 11.0

Action                   |  1- 3 |  4- 6 |  7- 9 | 10-12 | 13-15 || total
-------------------------+-------+-------+-------+-------+-------++-------
Melee: Unarmed           |     6 |    17 |    44 |   133 |   230 ||   430
       Punch             |     1 |       |     6 |    15 |    44 ||    66
       Kick              |       |       |       |       |    32 ||    32
Invok: Berserk           |     1 |       |     2 |     7 |     7 ||    17
       Trog's Hand       |       |       |     2 |    10 |    14 ||    26
       Brothers in Arms  |       |       |       |     4 |    11 ||    15
  Use: Potion            |       |       |       |     7 |    24 ||    31
       Scroll            |       |       |       |    12 |    18 ||    30
 Stab: Distracted        |       |       |       |       |     1 ||     1
       Sleeping          |       |       |       |       |     1 ||     1
Armor: Animal skin       |       |     1 |     2 |       |       ||     3
       Robe              |       |       |     6 |       |       ||     6
       Troll leather arm |       |       |     1 |    52 |    79 ||   132
       Ice dragon scales |       |       |       |     3 |       ||     3
Dodge: Dodged            |     2 |     4 |    13 |    63 |   146 ||   228

Table legend: (Time is in decaauts)
 A = Elapsed time spent in this place.
 B = Non-inter-level travel time spent in this place.
 C = Inter-level travel time spent in this place.
 D = Time resting spent in this place.
 E = Time spent auto-exploring this place.
 F = Levels seen in this place.
 G = Mean time per level.
                   A        B        C        D        E       F      G
               +--------+--------+--------+--------+--------+-----+--------+
         Total |   2462 |   2462 |      0 |    300 |    113 |   1 | 2462.0 |
       Dungeon |   2462 |   2462 |      0 |    300 |    113 |   1 | 2462.0 |
               +--------+--------+--------+--------+--------+-----+--------+

Top non-repeatable levels by time:
       D: 2462 daAuts
